 Dungeon Crawl Stone Soup version 0.29.0-4-gdea44cf6ec (webtiles) character file.

Game seed: 8107087240917558608

440 qw the Chopper (level 7, 0/40 HPs)
             Began as a Tengu Warper on Aug 28, 2022.
             Slain by a gnoll
             ... wielding a +0 halberd
             ... led by a gnoll bouda
              (2 damage)
             ... on level 5 of the Dungeon.
             The game lasted 00:00:28 (4192 turns).

qw the Chopper (Tengu Warper)                       Turns: 4192, Time: 00:00:28

Health: 0/40       AC: 16    Str: 14    XL:     7   Next: 2%
Magic:  20/20      EV:  9    Int: 13    God:
Gold:   125        SH:  4    Dex: 13    Spells: 10/10 levels left

rFire   . . .      SeeInvis .   c - +0 hand axe
rCold   . . .      Faith    .   b - +0 buckler
rNeg    + . .      Spirit   .   l - +2 plate armour
rPois   .          Reflect  .   (helmet restricted)
rElec   .          Harm     .   (no cloak)
rCorr   .          Rampage  .   g - +2 pair of gloves
Will    +....                   (boots unavailable)
Stlth   ..........              (no amulet)
HPRegen 0.13/turn               e - ring of Hokim {rN+ Will+ MP+9}
MPRegen 0.17/turn               i - +4 ring of evasion

@: flying quickly and evasively, hasted (expiring), very quick
A: beak, talons 3, nimble flight
a: no special abilities


You were on level 5 of the Dungeon.
You visited 1 branch of the dungeon, and saw 5 of its levels.
You also visited: Sewer.

You collected 276 gold pieces.
You spent 151 gold pieces at shops.


Innate Abilities, Weirdness & Mutations

You have a beak for a mouth.
You have claws for feet.
Your magical nature lets you fly swiftly and evasively.


   Skills:
 - Level 2.0 Fighting
 + Level 6.4 Axes
 - Level 1.0 Throwing
 - Level 3.0 Armour
 - Level 2.1 Dodging
 - Level 3.1 Shields
 - Level 2.0 Spellcasting
 - Level 2.4 Translocations


You had 10 spell levels left.
You didn't know any spells.
Your spell library contained the following spells:

 Spells                   Type           Power      Damage    Failure   Level
 Blink                    Tloc           14%        N/A       100%        2
 Gell's Gravitas          Tloc           7%         N/A       100%        3
 Lesser Beckoning         Tloc           7%         N/A       100%        3
 Teleport Other           Tloc           7%         N/A       100%        3
 Manifold Assault         Tloc           7%         N/A       100%        5

Inventory:

Hand Weapons
 c - a +0 hand axe (weapon)
 h - a +0 morningstar
Armour
 b - a +0 buckler (worn)
 g - a +2 pair of gloves (worn)
 l - a +2 plate armour (worn)
Jewellery
 e - the ring of Hokim (left hand) {rN+ Will+ MP+9}
   (You acquired it on level 4 of the Dungeon)

   [ring of magical power]

   rN:        It protects you from negative energy.
   MP:        It affects your magic capacity (+9).
   Will:      It increases your willpower.
 i - a +4 ring of evasion (right hand)
 Y - a +2 ring of strength
Scrolls
 o - a scroll of identify
Potions
 a - 2 potions of might
 d - a potion of heal wounds
 f - a potion of mutation
 j - a potion of resistance {unknown}
 n - a potion of haste

Dungeon Overview and Level Annotations

Branches:
Dungeon (5/15)              Sewer (visited)
 Temple: D:4-7

Altars:
Elyvilon
Kikubaaqudgha
Vehumet

Shops:
D:2 =   D:3 [

Annotations:
D:1 2 runed translucent doors


Message History

The jelly jiggles.
The gnoll hits you but does no damage. The gnoll closely misses you.
You block the gnoll's attack.
You hit the gnoll bouda but do no damage.
You claw the gnoll bouda.
The gnoll bouda is lightly wounded.
You hit the gnoll. x2; You closely miss the gnoll.
You slash the gnoll!
The gnoll is severely wounded.
You hit the gnoll bouda. You barely miss the gnoll.
You hit the gnoll but do no damage.
The gnoll bouda barks out a call to the hunt!
The gnolls pick up the pace!
You block the gnoll's attack. The gnoll barely misses you.
The gnoll hits you with a +0 halberd. The gnoll hits you with a +0 club.
You barely miss the gnoll. You claw the gnoll.
You kill the gnoll!
You hit the gnoll. You hit the gnoll bouda. You barely miss the gnoll.
The gnoll bouda misses you.
The gnoll hits you from afar with a +0 halberd.
The gnoll barely misses you. The gnoll completely misses you.
You have reached level 7!
You hit the gnoll bouda but do no damage.
Your kick misses the gnoll bouda.
You peck the gnoll bouda, but do no damage.
The gnoll bouda is heavily wounded.
You hit the gnoll but do no damage. x2
Your extra speed is starting to run out.
You barely miss the gnoll bouda.
The gnoll bouda is heavily wounded.
You hit the gnoll. You completely miss the gnoll.
You block the gnoll bouda's attack. The gnoll closely misses you.
The gnoll barely misses you. The gnoll hits you with a +0 spear.
You hit the gnoll bouda but do no damage.
The gnoll bouda is heavily wounded.
You hit the gnoll. You closely miss the gnoll.
The gnoll bouda hits you with a +0 club.
The gnoll hits you from afar with a +0 halberd!
The gnoll hits you with a +0 halberd.
You die...

## # .# #.#
#####.#### #...
#<........
.....#....####
.........######
.###...@))....#
#!.ggg.....#
......gJ......#
.#####........#
.........#
#.#.......#
#.#.......#
..#########


You could see a gnoll bouda, a jelly and 3 gnolls.

Vanquished Creatures
  A water moccasin (Sewer)
  A scorpion (D:4)
  A hound (D:4)
  A jelly (D:5)
  An orc priest (D:4)
  An orc wizard (D:3)
  2 gnolls (D:5)
  3 adders
  An ufetubus (D:3)
  3 dart slugs
  7 orcs
  6 ball pythons
  6 bats
  8 endoplasms
  8 giant cockroaches
  14 hobgoblins
  13 jackals
  2 quokkas
  3 frilled lizards
  3 goblins
  5 kobolds
  7 rats
97 creatures vanquished.

Notes
Turn   | Place    | Note
-------+----------+-------------------------------------------
     0 | D:1      | qw the Tengu Warper began the quest for the Orb.
     0 | D:1      | Reached XP level 1. HP: 12/12 MP: 4/4
     0 | D:1      | 0 ||| qw: Version: 0.1-a-89-g26bdef1
     0 | D:1      | 0 ||| qw: Game counter: 961
     0 | D:1      | 0 ||| qw: Always use a shield: true
     0 | D:1      | 0 ||| qw: God list: Okawaru
     0 | D:1      | 0 ||| qw: Allow faded altars: false
     0 | D:1      | 0 ||| qw: Do Orc after D:15 true
     0 | D:1      | 0 ||| qw: Do second Lair branch before Depths: true
     0 | D:1      | 0 ||| qw: Lair rune preference: random
     0 | D:1      | 0 ||| qw: Plans: Normal
     0 | D:1      | 0 ||| PLANNING D:1-11
   111 | D:1      | 111 ||| Stepping ~*~*~tactically~*~*~ (stealth).
   213 | D:1      | Found a large runed translucent door.
   213 | D:1      | Found a large runed translucent door.
   214 | D:1      | Noticed an orc warrior
   214 | D:1      | Noticed an orc priest
   258 | D:1      | Reached XP level 2. HP: 17/17 MP: 6/6
   287 | D:1      | Reached skill level 3 in Axes
   799 | D:1      | Reached XP level 3. HP: 21/21 MP: 7/7
  1043 | D:1      | 1043 ||| UPGRADING to +2 pair of gloves.
  1048 | D:1      | 1048 ||| UPGRADING to +0 ring mail.
  1058 | D:1      | 1058 ||| DROPPING +0 leather armour.
  1059 | D:1      | 1059 ||| READING scroll labelled QIMESI RENO.
  1060 | D:1      | 1060 ||| READING scroll labelled ESMUTEO DENOICREGG.
  1061 | D:1      | 1061 ||| DRINKING 2 fizzy silvery potions.
  1062 | D:1      | 1062 ||| DRINKING 4 fizzy golden potions.
  1088 | D:1      | 1088 ||| DROPPING scroll of blinking.
  1089 | D:1      | 1089 ||| DROPPING 3 potions of lignification.
  1178 | D:2      | Reached skill level 4 in Axes
  1250 | D:2      | Found Enwet's One-of-a-Kind Rings.
  1261 | D:2      | 1261 ||| BUYING +2 ring of strength (30 gold).
  1261 | D:2      | Bought a +2 ring of strength for 30 gold pieces
  1261 | D:2      | 1261 ||| SHOPLISTING +7 ring of evasion (1035 gold, have
                  | 57).
  1261 | D:2      | 1261 ||| SHOPLISTING ring "Mufragia" {rN+ Will+ MP+9} (551
                  | gold, have 57).
  1261 | D:2      | 1261 ||| SHOPLISTING ring "Tysmuk" {EV+4 Str+4 Int-3 Dex+3}
                  | (514 gold, have 57).
  1261 | D:2      | 1261 ||| SHOPLISTING ring of Sunlight {Ice Fly Will+ SInv}
                  | (439 gold, have 57).
  1261 | D:2      | 1261 ||| SHOPLISTING ring of the Jumping Gods {rF+++ rC++
                  | rN+ Int-2 Stlth-} (739 gold, have 57).
  1469 | D:2      | 1469 ||| Stepping ~*~*~tactically~*~*~ (stealth).
  1471 | D:2      | 1471 ||| Stepping ~*~*~tactically~*~*~ (stealth).
  1500 | D:2      | Found a faded altar of an unknown god.
  1602 | D:2      | 1602 ||| FLEEEEING.
  1603 | D:2      | 1603 ||| FLEEEEING.
  1604 | D:2      | 1604 ||| FLEEEEING.
  1611 | D:2      | 1611 ||| FLEEEEING.
  1612 | D:2      | 1612 ||| FLEEEEING.
  1613 | D:2      | 1613 ||| FLEEEEING.
  1616 | D:2      | 1616 ||| FLEEEEING.
  1617 | D:2      | 1617 ||| FLEEEEING.
  1618 | D:2      | 1618 ||| FLEEEEING.
  1619 | D:2      | 1619 ||| FLEEEEING.
  1620 | D:2      | 1620 ||| FLEEEEING.
  1621 | D:2      | 1621 ||| FLEEEEING.
  1622 | D:2      | 1622 ||| FLEEEEING.
  1623 | D:2      | 1623 ||| FLEEEEING.
  1624 | D:2      | 1624 ||| FLEEEEING.
  1625 | D:2      | 1625 ||| FLEEEEING.
  1627 | D:2      | 1627 ||| FLEEEEING.
  1633 | D:2      | 1633 ||| FLEEEEING.
  1634 | D:2      | 1634 ||| FLEEEEING.
  1635 | D:2      | 1635 ||| FLEEEEING.
  1636 | D:2      | 1636 ||| FLEEEEING.
  1637 | D:2      | 1637 ||| FLEEEEING.
  1725 | D:2      | Reached XP level 4. HP: 26/26 MP: 8/8
  1897 | D:2      | 1897 ||| DROPPING ring of wizardry.
  1898 | D:2      | 1898 ||| UPGRADING to +2 ring of strength.
  1899 | D:2      | 1899 ||| UPGRADING to +4 ring of evasion.
  1900 | D:2      | 1900 ||| READING scroll labelled JEVOCR KOMIN.
  1901 | D:2      | 1901 ||| READING scroll labelled ASESEY OKOUMIYGI.
  1902 | D:2      | 1902 ||| READING scroll labelled UROURU ZOTS.
  1905 | D:2      | 1905 ||| READING scroll labelled DUUK PAFOFE.
  1906 | D:2      | 1906 ||| READING scroll labelled RUWNEPS XEITI.
  1907 | D:2      | 1907 ||| DRINKING 2 glowing pink potions.
  1914 | D:3      | Found Iniugos's Antique Armour Boutique.
  1915 | D:3      | 1915 ||| PLANNING SEWER
  1918 | D:3      | 1918 ||| BUYING buckler (121 gold).
  1918 | D:3      | Bought a buckler for 121 gold pieces
  1918 | D:3      | 1918 ||| SHOPLISTING chain mail (121 gold, have 13).
  1933 | D:3      | 1933 ||| Stepping ~*~*~tactically~*~*~ (stealth).
  1940 | D:3      | 1940 ||| Stepping ~*~*~tactically~*~*~ (stealth).
  1957 | D:3      | 1957 ||| FLEEEEING.
  1958 | D:3      | 1958 ||| FLEEEEING.
  1959 | D:3      | 1959 ||| FLEEEEING.
  1960 | D:3      | 1960 ||| FLEEEEING.
  1964 | D:3      | 1964 ||| Stepping ~*~*~tactically~*~*~ (stealth).
  1976 | D:3      | 1976 ||| Stepping ~*~*~tactically~*~*~ (stealth).
  2021 | D:3      | 2021 ||| Stepping ~*~*~tactically~*~*~ (stealth).
  2097 | D:3      | Found a glowing drain.
  2098 | D:3      | 2098 ||| UPGRADING to +0 buckler.
  2103 | D:3      | 2103 ||| UPGRADING to +0 scale mail.
  2113 | D:3      | 2113 ||| DROPPING +0 ring mail.
  2114 | D:3      | 2114 ||| UPGRADING to +0 plate armour.
  2124 | D:3      | 2124 ||| DROPPING +0 scale mail.
  2125 | D:3      | 2125 ||| READING scroll of enchant armour.
  2125 | D:3      | 2125 ||| ENCHANTING +0 plate armour.
  2134 | Sewer    | Entered a sewer
  2140 | Sewer    | 2140 ||| Stepping ~*~*~tactically~*~*~ (water).
  2187 | Sewer    | Noticed a water moccasin
  2195 | Sewer    | HP: 6/26 [water moccasin (7)]
  2196 | Sewer    | 2196 ||| DRINKING 2 potions of heal wounds.
  2199 | Sewer    | 2199 ||| DRINKING potion of heal wounds.
  2201 | Sewer    | Killed a water moccasin
  2202 | Sewer    | Reached skill level 3 in Shields
  2202 | Sewer    | Gained mutation: Your magical nature lets you fly swiftly
                  | and evasively. [Tengu growth]
  2202 | Sewer    | Reached XP level 5. HP: 14/30 MP: 9/9
  2207 | Sewer    | HP: 7/30 [poisoned by a water moccasin]
  2473 | Sewer    | 2473 ||| DROPPING +0 whip.
  2489 | Sewer    | 2489 ||| READING scroll labelled GUTUENEFYAG.
  2490 | Sewer    | 2490 ||| DRINKING 3 brown potions.
  2596 | Sewer    | 2596 ||| DROPPING 2 potions of berserk rage.
  2614 | D:3      | 2614 ||| PLANNING D:1-11
  2694 | D:3      | 2694 ||| Stepping ~*~*~tactically~*~*~ (stealth).
  2695 | D:3      | 2695 ||| Stepping ~*~*~tactically~*~*~ (stealth).
  2700 | D:3      | 2700 ||| Stepping ~*~*~tactically~*~*~ (stealth).
  2753 | D:3      | 2753 ||| Stepping ~*~*~tactically~*~*~ (stealth).
  2807 | D:3      | Identified the +4 rapier "Korooska" {vorpal, rC+ rN++}
  2823 | D:3      | 2823 ||| FLEEEEING.
  2824 | D:3      | 2824 ||| FLEEEEING.
  2825 | D:3      | 2825 ||| FLEEEEING.
  2826 | D:3      | 2826 ||| FLEEEEING.
  2827 | D:3      | 2827 ||| FLEEEEING.
  2828 | D:3      | 2828 ||| FLEEEEING.
  2829 | D:3      | 2829 ||| FLEEEEING.
  2835 | D:3      | 2835 ||| FLEEEEING.
  2836 | D:3      | 2836 ||| FLEEEEING.
  2837 | D:3      | 2837 ||| FLEEEEING.
  2838 | D:3      | 2838 ||| FLEEEEING.
  2839 | D:3      | 2839 ||| FLEEEEING.
  2840 | D:3      | 2840 ||| FLEEEEING.
  2843 | D:3      | 2843 ||| FLEEEEING.
  2844 | D:3      | 2844 ||| FLEEEEING.
  2854 | D:3      | 2854 ||| STAIRDANCE
  2980 | D:3      | Reached XP level 6. HP: 35/35 MP: 10/10
  2981 | D:3      | Reached skill level 5 in Axes
  3097 | D:3      | 3097 ||| Stepping ~*~*~tactically~*~*~ (stealth).
  3308 | D:4      | 3308 ||| Stepping ~*~*~tactically~*~*~ (hiding).
  3522 | D:4      | 3522 ||| Stepping ~*~*~tactically~*~*~ (stealth).
  3557 | D:4      | Reached skill level 6 in Axes
  3642 | D:4      | Found a faded altar of an unknown god.
  3642 | D:4      | Found a faded altar of an unknown god.
  3652 | D:4      | Found an ancient bone altar of Kikubaaqudgha.
  3666 | D:4      | Reached skill level 3 in Armour
  3827 | D:4      | 3827 ||| DROPPING +0 flail.
  3828 | D:4      | Found a radiant altar of Vehumet.
  3830 | D:4      | Found a white marble altar of Elyvilon.
  4011 | D:4      | Identified the +1 leather armour "Nayziel" {rPois rN+}
  4013 | D:4      | 4013 ||| READING scroll of enchant armour.
  4013 | D:4      | 4013 ||| ENCHANTING +1 plate armour.
  4078 | D:4      | 4078 ||| READING scroll labelled JAEMOK IWOILIZ.
  4078 | D:4      | Identified a scroll of acquirement
  4078 | D:4      | 4078 ||| ACQUIRING ring of Hokim {rN+ Will+ MP+9}
  4078 | D:4      | Acquired the ring of Hokim {rN+ Will+ MP+9}
  4080 | D:4      | 4080 ||| UPGRADING to ring of Hokim {rN+ Will+ MP+9}.
  4138 | D:4      | 4138 ||| DRINKING 2 glowing amethyst potions.
  4139 | D:4      | 4139 ||| READING 2 scrolls of identify.
  4139 | D:4      | 4139 ||| IDENTIFYING glowing coppery potion
  4178 | D:5      | Entered Level 5 of the Dungeon
  4190 | D:5      | Reached XP level 7. HP: 17/40 MP: 11/11
  4192 | D:5      | HP: 10/40 [gnoll bouda/+0 club (6)]
  4192 | D:5      | HP: 2/40 [gnoll/+0 halberd[a gnoll bouda] (8)]
  4192 | D:5      | Slain by a gnoll

Levels and vault maps discovered:
D:1:      erik_arrival_cave_to_civilisation [erik_arrival_cave_to_temple],
          layout_loops_ring, minmay_tall_x
D:2:      layout_basic, hellmonk_ecumenical_altar_prayer_group,
          nicolae_shop_unique_rings, minmay_misc_feat_alley
D:3:      layout_basic, serial_shops, nicolae_shop_hallway_stairs,
          cheibrodos_sewer_entry_drain
D:4:      layout_rooms, chequers_temple_overflow_minitemple
D:5:      layout_basic, serial_shops, nicolae_shop_trees, goddamned_bats,
          uniq_duvessa, uniq_blork_the_orc

Skill      XL: |  1  2  3  4  5  6 |
---------------+-------------------+-----
Axes           | 3 4 6 |  6.4
Shields        | 3 |  3.1
Armour         | 2 3 |  3.0
Fighting       | |  2.0
Throwing       | |  1.0
Dodging        | |  2.1
Spellcasting   | |  2.0
Translocations | |  2.4

Action                   |  1- 3 |  4- 6 |  7- 9 || total
-------------------------+-------+-------+-------++-------
Melee: Hand axe          |    92 |   137 |     3 ||   232
       Kick              |    31 |    34 |       ||    65
       Peck              |    11 |    21 |     1 ||    33
       Punch             |     2 |       |       ||     2
Throw: Boomerang         |     7 |       |       ||     7
  Use: Scroll            |     2 |    10 |       ||    12
       Potion            |     2 |     5 |       ||     7
Armor: Leather armour    |    10 |       |       ||    10
       Ring mail         |    22 |     1 |       ||    23
       Plate armour      |       |    59 |       ||    59
Dodge: Dodged            |    43 |    54 |     2 ||    99
Block: Buckler           |       |    21 |     1 ||    22

Table legend:
 A = Non-vault XP
 B = Vault XP
 C = Vault XP percentage of total XP
 D = Non-vault monster count
 E = Vault monster count
 F = Vault count percentage of total count
                 A         B        C        D         E       F
            +---------+---------+-------+---------+---------+-------
      Total |     462 |     167 |  26.6 |      82 |      15 |  15.5
            +---------+---------+-------+---------+---------+-------
        D:1 |      28 |      10 |  26.3 |      15 |       6 |  28.6
        D:2 |      46 |       7 |  13.2 |      20 |       4 |  16.7
        D:3 |     114 |       4 |   3.4 |      28 |       2 |   6.7
        D:4 |     203 |       0 |   0.0 |      16 |       0 |   0.0
        D:5 |      71 |       0 |   0.0 |       3 |       0 |   0.0
      Sewer |       0 |     146 | 100.0 |       0 |       3 | 100.0
            +---------+---------+-------+---------+---------+-------
